 Dungeon Crawl Stone Soup version 0.25-a0-1136-gc1285e62ab (webtiles) character file.

Game seed: 10484677612216674343, levelgen mode: deterministic

211 BreadTh the Chiller (level 5, 21/21 HPs)
             Began as a Felid Ice Elementalist on May 23, 2020.
             Was an Initiate of Vehumet.
             Quit the game on level 5 of the Dungeon.
             The game lasted 00:21:08 (5462 turns).

BreadTh the Chiller (Felid Ice Elementalist)        Turns: 5462, Time: 00:21:09

Health: 21/21      AC:  2    Str:  4    XL:     5   Next: 57%
Magic:  10/10      EV: 19    Int: 18    God:    Vehumet [......]
Gold:   238        SH:  0    Dex: 17    Spells: 2/10 levels left
                                        Lives:  0   Deaths: 1

rFire    x . .     SeeInvis +   (weapon unavailable)
rCold    + . .     Gourm    .   (shield unavailable)
rNeg     . . .     Faith    .   (armour unavailable)
rPois    .         Spirit   .   (helmet unavailable)
rElec    .         Reflect  .   (cloak unavailable)
rCorr    .         Harm     .   (gloves unavailable)
MR       .....                  (boots unavailable)
Stlth    +++.......             (no amulet)
HPRegen  0.07/turn              a - ring of ice
MPRegen  0.12/turn              i - +4 ring of slaying

@: quick
A: very small, no armour, no weapons or thrown items, stealth, claws 1, fangs 3,
see invisible, carnivore, speed 1, shaggy fur 2, slow metabolism 1, sharp paws
a: Renounce Religion


You were on level 5 of the Dungeon.
You worshipped Vehumet.
Vehumet was noncommittal.
You were not hungry.

You visited 2 branches of the dungeon, and saw 6 of its levels.

You collected 238 gold pieces.

Inventory:

Hand Weapons
 h - a +3 dagger
Jewellery
 a - a ring of ice (left paw)
 i - a +4 ring of slaying (right paw)
Wands
 e - a wand of acid (7)
 p - a wand of clouds (3)
Scrolls
 c - a scroll of teleportation
 f - a scroll of fear
 n - 2 scrolls of remove curse
Potions
 d - a potion of stabbing {unknown}
 g - a potion of heal wounds
 j - 3 potions of curing
 k - a potion of degeneration {unknown}
 m - a potion of might {unknown}
 o - a potion of lignification {unknown}
Comestibles
 b - 9 rations
 l - 3 chunks of flesh


   Skills:
 + Level 4.0 Dodging
 - Level 3.0 Stealth
 - Level 3.0 Spellcasting
 * Level 2.3 Conjurations
 * Level 5.9 Ice Magic


You had 2 spell levels left.
You knew the following spells:

 Your Spells              Type           Power        Failure   Level  Hunger
a - Freeze                Ice            ####         1%          1    None
b - Frozen Ramparts       Ice            #####.       4%          3    ###....
c - Ozocubu's Armour      Chrm/Ice       ###.....     14%         3    ###....
d - Magic Dart            Conj           ##..         6%          1    None

Your spell library contained the following spells:

 Spells                   Type           Power        Failure   Level  Hunger
 Searing Ray              Conj           ##....       10%         2    ##.....
 Animate Skeleton         Necr           N/A          16%         1    None
 Apportation              Tloc           #.....       16%         1    None
 Corona                   Hex            #......      16%         1    None
 Summon Small Mammal      Summ           #...         16%         1    None
 Dazzling Flash           Conj/Hex       #.....       30%         3    ###....
 Hailstorm                Conj/Ice       ####....     30%         4    ####...
 Summon Ice Beast         Ice/Summ       ###.....     43%         4    ####...
 Fulminant Prism          Conj/Hex       #.........   71%         4    ####...
 Iskenderun's Mystic Bla  Conj/Tloc      #.......     71%         4    ####...


Dungeon Overview and Level Annotations

Branches:
Dungeon (5/15)             Temple (1/1) D:4

Altars:
Ashenzari
Cheibriados
Dithmenos
Elyvilon
Fedhas
Gozag
Kikubaaqudgha
Nemelex Xobeh
Okawaru
Qazlal
Ru
Sif Muna
Trog
Uskayaw
Vehumet
Wu Jian
Yredelemnul
The Shining One

Annotations:
D:3 exclusion: kobold, Sigmund
D:5 Dowan, Duvessa


Innate Abilities, Weirdness & Mutations

You cannot wear armour.
You are incapable of wielding weapons or throwing items.
Your paws allow you to move quietly. (Stealth)
You have sharp claws.
You have razor-sharp teeth.
You have supernaturally acute eyesight. (SInv)
You are carnivorous and can eat meat at any time.
You cover ground quickly.
You are covered in thick fur. (AC +2)
You have a slow metabolism.
Your sharp claws are effective at attacking unaware monsters.


Message History

The walls around you are covered in ice.
The wall freezes Duvessa.
Duvessa hits you with a +0 rapier.
* * * LOW HITPOINT WARNING * * *
The wall freezes the jackal.
The wall freezes Duvessa.
The wall freezes the jackal.
You kill the jackal!
Vehumet accepts your kill.
The wall freezes Duvessa.
Duvessa misses you.
The wall freezes Duvessa.
The wall freezes Dowan.
Dowan gestures wildly while chanting.
Dowan blinks!
The wall freezes Duvessa.
The wall freezes Duvessa.
Duvessa says, "When magic and the sword combine, nothing stands against them."
The wall freezes the jackal.
Duvessa hits you with a +0 rapier!
You die...
You are now level 5!
You rejoin the land of the living...
Found a stone staircase leading down.
Are you sure you want to abandon this character and quit the game? (Confirm with "yes".)

#h## #.## #####h##
. #...e... ###
..#....... ..
....h..... #.
..#.......
#.####.....#.......
#>@.......o........
#.####.....###.#.#<
#. .. #.#.#. #.
#.#.#. #. #.#.#. #.
#!#. #. #.#. #.
#.## ##


There were no monsters in sight!

Vanquished Creatures
  A centaur (D:5)
  Ijyb (D:5)
  A centaur skeleton (D:4)
  An iguana (D:2)
  3 worker ants (D:4)
  6 adders
  3 gnolls (D:2)
  3 oozes
  2 worms
  3 dart slugs
  2 leopard geckos
  5 orcs (D:4)
  A ball python (D:3)
  7 bats
  3 giant cockroaches
  6 goblins (D:2)
  8 hobgoblins
  2 jackals (D:5)
  A quokka (D:3)
  3 frilled lizards
  9 kobolds
  A leopard gecko skeleton (D:4)
  8 rats
80 creatures vanquished.

Vanquished Creatures (others)
  4 toadstools (D:1)
4 creatures vanquished.

Grand Total: 84 creatures vanquished

Notes
Turn   | Place    | Note
-------+----------+-------------------------------------------
     0 | D:1      | BreadTh the Felid Ice Elementalist began the quest for the
                  | Orb.
     0 | D:1      | Reached XP level 1. HP: 7/7 MP: 4/4
   255 | D:1      | Reached skill level 4 in Ice Magic
   486 | D:1      | Reached XP level 2. HP: 8/11 MP: 6/6
  1159 | D:2      | Found an iron altar of Okawaru.
  1178 | D:2      | Reached XP level 3. HP: 6/14 MP: 4/8
  1183 | D:2      | Learned a level 3 spell: Frozen Ramparts
  1187 | D:2      | Learned a level 3 spell: Ozocubu's Armour
  2140 | D:2      | Reached XP level 4. HP: 18/18 MP: 4/9
  2559 | D:2      | Reached skill level 5 in Ice Magic
  3096 | D:3      | Reached XP level 5. HP: 21/21 MP: 3/10
  3321 | D:3      | Noticed Sigmund
  3453 | D:3      | Learned a level 1 spell: Magic Dart
  3927 | D:4      | Found a hide-covered altar of Uskayaw.
  4054 | D:4      | Reached skill level 1 in Conjurations
  4304 | D:4      | Gained mutation: You are covered in thick fur. (AC +2)
                  | [Felid growth]
  4304 | D:4      | Reached XP level 6. HP: 15/24 MP: 8/11
  4576 | D:4      | Found a staircase to the Ecumenical Temple.
  4582 | Temple   | Entered the Ecumenical Temple
  4809 | Temple   | Became a worshipper of Vehumet
  4859 | D:4      | Found a glowing golden altar of the Shining One.
  5054 | D:4      | Noticed a moth of wrath
  5199 | D:4      | Found a bloodstained altar of Trog.
  5301 | D:5      | Entered Level 5 of the Dungeon
  5408 | D:5      | Noticed Ijyb
  5436 | D:5      | Noticed Duvessa
  5439 | D:5      | Noticed Dowan
  5443 | D:5      | Killed Ijyb
  5455 | D:5      | HP: 1/24 [Duvessa/+0 rapier (4)]
  5461 | D:5      | Mangled by Duvessa
  5462 | D:5      | Reached XP level 5. HP: -9/21 MP: 1/10
  5462 | D:5      | Quit the game

Illustrated notes

Levels and vault maps discovered:
D:1:      ldierk_walled_garden_2, layout_basic
D:2:      layout_loops_corners, kennysheep_okawaru_gauntlet
D:3:      layout_basic, first_ration, uniq_sigmund
D:4:      layout_rooms, overflow_temple_1_default,
          nicolae_overflow_hidden_temple, minmay_temple_entry_hall, tgw_trog
D:5:      wander_guarded_unrand_ratskin, layout_basic, uniq_ijyb,
          uniq_blork_the_orc, uniq_duvessa
Temple:   regret_index_temple_generic_petals

Skill      XL: |  1  2  3  4  5  6 |
---------------+-------------------+-----
Ice Magic      | 4 5 |  5.9
Dodging        | 3 4 |  4.0
Stealth        | 3 |  3.0
Spellcasting   | 3 |  3.0
Conjurations   | 1 2 |  2.3

Action                   |  1- 3 |  4- 6 || total
-------------------------+-------+-------++-------
Melee: Unarmed           |    34 |    29 ||    63
       Bite              |     4 |     4 ||     8
 Cast: Freeze            |    30 |    88 ||   118
       Frozen Ramparts   |     3 |     2 ||     5
       Magic Dart        |       |    14 ||    14
  Use: Scroll            |       |     8 ||     8
 Stab: Sleeping          |     2 |     6 ||     8
  Eat: Chunk             |    10 |     6 ||    16
Armor: Skin              |     5 |     1 ||     6
Dodge: Dodged            |    46 |    70 ||   116

Table legend:
 A = Non-vault XP
 B = Vault XP
 C = Vault XP percentage of total XP
 D = Non-vault monster count
 E = Vault monster count
 F = Vault count percentage of total count
                 A         B        C        D         E       F
            +---------+---------+-------+---------+---------+-------
      Total |     533 |      51 |   8.7 |      72 |       8 |  10.0
            +---------+---------+-------+---------+---------+-------
        D:1 |      24 |       0 |   0.0 |       8 |       0 |   0.0
        D:2 |     156 |       4 |   2.5 |      29 |       2 |   6.5
        D:3 |      39 |       0 |   0.0 |      16 |       0 |   0.0
        D:4 |     198 |       9 |   4.3 |      16 |       5 |  23.8
        D:5 |     116 |      38 |  24.7 |       3 |       1 |  25.0
            +---------+---------+-------+---------+---------+-------
